 Dungeon Crawl Stone Soup version 0.26-a0-1013-gf6ffb0d6bd (webtiles) character file.

Game seed: 11562168724869044443

22629 lunkers the Gelid (level 12, 0/72 HPs)
             Began as a Deep Elf Ice Elementalist on Dec 7, 2020.
             Was an Elder of Vehumet.
             Slain by an entropy weaver (1 damage)
             ... in a Gauntlet.
             The game lasted 00:37:45 (20238 turns).

lunkers the Gelid (Deep Elf Ice Elementalist)      Turns: 20238, Time: 00:37:46

Health: 0/72       AC: 16    Str:  5    XL:     12   Next: 64%
Magic:  22/31      EV: 12    Int: 36    God:    Vehumet [****..]
Gold:   663        SH:  5    Dex: 13    Spells: 24/38 levels left

rFire    . . .     SeeInvis +   a - +9 trident of Extremism {freeze, rElec Int+3 Dex-2 SInv}
rCold    . . .     Faith    .   A - +0 buckler
rNeg     . . .     Spirit   .   P - +5 leather armour of Circular Logic {WL+ Int+4}
rPois    .         Reflect  .   Q - +1 helmet {Int+3}
rElec    +         Harm     .   I - +3 cloak of Lust {rCorr}
rCorr    +         Rampage  .   F - +0 pair of gloves
Will     ++...     NoTele   +   g - +0 pair of boots
Stlth    ++........             n - amulet of magic regeneration
HPRegen  0.22/turn              G - ring of wizardry
MPRegen  0.47/turn              D - +4 ring of protection

@: corroded, studying Crossbows
A: no striking features
a: Renounce Religion


You were in a Gauntlet.
You worshipped Vehumet.
Vehumet was greatly pleased with you.
You visited 3 branches of the dungeon, and saw 16 of its levels.
You also visited: Sewer, Bailey and Gauntlet.

You collected 1429 gold pieces.
You spent 766 gold pieces at shops.

Inventory:

Hand Weapons
 a - the +9 trident of Extremism (weapon) {freeze, rElec Int+3 Dex-2 SInv}
   (You found it on level 8 of the Dungeon)

   It has been specially enchanted to freeze those struck by it, causing extra
   injury to most foes and up to half again as much damage against particularly
   susceptible opponents.
   It can also slow down cold-blooded creatures.
   It affects your intelligence (+3).
   It affects your dexterity (-2).
   It insulates you from electricity.
   It lets you see invisible.
Missiles
 i - 5 datura-tipped darts
Armour
 g - a +0 pair of boots (worn)
 A - a +0 buckler (worn)
 F - a +0 pair of gloves (worn)
 I - the +3 cloak of Lust (worn) {rCorr}
   (You found it in a bailey)

   It provides partial protection from all sources of acid and corrosion.
 K - a +0 pair of boots of rampaging
 P - the +5 leather armour of Circular Logic (worn) {WL+ Int+4}
   (You bought it in a shop on level 8 of the Dungeon)

   It affects your intelligence (+4).
   It affects your willpower, your defense against some magical effects.
 Q - a +1 helmet of intelligence (worn)
Jewellery
 d - an uncursed amulet of guardian spirit
 m - an uncursed ring of resist corrosion
 n - an amulet of magic regeneration (around neck)
 v - an uncursed ring of positive energy
 D - a +4 ring of protection (right hand)
 G - a ring of wizardry (left hand)
 J - a +6 ring of intelligence
Wands
 k - a wand of iceblast (10)
 y - a wand of paralysis (23)
 H - a wand of disintegration (28)
 L - a wand of polymorph (7)
 N - a wand of acid (14)
Scrolls
 b - 8 scrolls of teleportation
 c - 9 scrolls of remove curse
 j - 2 scrolls of identify
 l - 6 scrolls of amnesia
 o - a scroll of vulnerability
 p - a scroll of enchant armour
 r - 3 scrolls of enchant weapon
 B - 4 scrolls of fear
 E - 4 scrolls of magic mapping
 O - a scroll of blinking
Potions
 e - 2 potions of cancellation
 f - 4 potions of mutation
 h - 3 potions of brilliance
 q - a potion of ambrosia
 s - a potion of magic
 t - a potion of berserk rage
 u - 3 potions of haste
 w - 5 potions of flight
 x - 7 potions of heal wounds
 z - 4 potions of might
 C - 5 potions of curing
 M - a potion of attraction
Books
 S - a manual of Crossbows
Miscellaneous
 R - a phantom mirror


   Skills:
 + Level 7.5 Fighting
 - Level 2.4 Dodging
 - Level 2.4 Stealth
 - Level 4.0 Shields
 + Level 13.7 Spellcasting
 - Level 3.0 Summonings
 * Level 16.2 Ice Magic


You had 24 spell levels left.
You knew the following spells:

 Your Spells              Type           Power        Failure   Level
b - Frozen Ramparts       Ice            ######       0%          3
c - Ozocubu's Armour      Ice            #######.     0%          3
d - Summon Ice Beast      Ice/Summ       #######.     1%          4
e - Hailstorm             Conj/Ice       ######..     1%          4

Your spell library contained the following spells:

 Spells                   Type           Power        Failure   Level
 Irradiate                Conj/Tmut      ###.......   9%          5
 Freeze                   Ice            ####         0%          1
 Animate Skeleton         Necr           ###...       1%          1
 Apportation              Tloc           ###...       1%          1
 Corona                   Hex            ###....      1%          1
 Foxfire                  Conj/Fire      ###.         1%          1
 Pain                     Necr           ###.         1%          1
 Sandblast                Erth           ###...       1%          1
 Ensorcelled Hibernation  Hex/Ice        ######       1%          2
 Passwall                 Tmut/Erth      ###.....     1%          2
 Conjure Flame            Conj/Fire      ###.....     1%          3
 Dazzling Flash           Conj/Hex       ###...       1%          3
 Inner Flame              Hex/Fire       ###.....     1%          3
 Stone Arrow              Conj/Erth      ###...       1%          3
 Confusing Touch          Hex            ###.....     3%          3
 Lesser Beckoning         Tloc           ###.......   3%          3
 Tukima's Dance           Hex            ###.....     3%          3
 Vampiric Draining        Necr           ###.......   3%          3
 Sticky Flame             Conj/Fire      ###.....     3%          4
 Fireball                 Conj/Fire      ###.......   9%          5
 Lee's Rapid Deconstruct  Erth           ###.......   9%          5
 Animate Dead             Necr           ###.......   11%         4
 Petrify                  Tmut/Erth      ###.....     11%         4
 Agony                    Necr           ###.....     28%         5
 Alistair's Intoxication  Tmut/Pois      ###......    28%         5
 Invisibility             Hex            ###.....     82%         6


Dungeon Overview and Level Annotations

Branches:
Dungeon (11/15)            Temple (1/1) D:6            Lair (4/6) D:11
  Swamp (0/4) Lair:3        Snake (0/4) Lair:4          Orc (0/2) D:11
  Sewer (visited)          Bailey (visited)         Gauntlet (1/1)

Altars:
Ashenzari
Cheibriados
Dithmenos
Elyvilon
Fedhas
Gozag
Hepliaklqana
Kikubaaqudgha
Makhleb
Nemelex Xobeh
Okawaru
Qazlal
Ru
Sif Muna
Trog
Uskayaw
Vehumet
Wu Jian
Xom
Yredelemnul
Zin
The Shining One

Shops:
D:6 =   D:7 =!   D:8 [   D:11 (

Annotations:
D:5 2 transporters, Anlio's ghost, amateur PaFi
Lair:2 1 runed translucent door, marklar909's ghost, journeyman TrEE Gauntlet 11 transporters, 21 runed translucent doors, exclusion: ice statue


Message History

* * * LOW HITPOINT WARNING * * *
The entropy weaver hits you but does no damage.
The frozen ramparts melt away.
Your ice beast hits the entropy weaver but does no damage.
Your ice beast hits the entropy weaver but does no damage.
Casting: Summon Ice Beast (safe; 1% risk of failure)
Confirm with . or Enter, or press ? or * to list all spells.
A chill wind blows around you. The entropy weaver hits you.
* * * LOW HITPOINT WARNING * * *
The entropy weaver hits you but does no damage.
The entropy weaver hits you.
* * * LOW HITPOINT WARNING * * *
The entropy weaver hits you.
* * * LOW HITPOINT WARNING * * *
Your ice beast barely misses the entropy weaver.
The entropy weaver hits you but does no damage.
The entropy weaver hits you!
* * * LOW HITPOINT WARNING * * *
The entropy weaver misses you. The entropy weaver hits you.
You die...

≈.............. ###
8§8.8.8.8.8.8.8 ## #8#
§.............. #8
##########.#########.########
#§§......#.#..≈∩≈..#.#.......
###........#©#.......#©#.......
#8#..###########...###########.
###..#......Y^.#...#.........#.
#....#.#....^#@#...#Z##...##.#.
###....#..##.##YB#...#Z#.#.#.#.#.
#8#..###..##.##.Y#...#$.##. #..##
###..#§#..#^©.#.©#...#©.#.©.#..#©
#..#.#..##.##.[#...#=.##.##..#.
###..#.#..##.##..#...#?#.# #.#Z#.
#8#..#.#.#^...^#.#...#.##...##Z#.
###..#.#.^.......#...#........Z#.
.....#.###########...##### #####.


You could see an entropy weaver, a four-headed hydra simulacrum, a centaur
warrior simulacrum and 3 friendly ice beasts.

Vanquished Creatures
  Harold (D:8)
  Erica (D:11)
  A hydra (Lair:3)
  A death scarab (Gauntlet)
  A queen ant (D:10)
  An orc knight (Bailey)
  Maurice (D:11)
  2 black mambas (Lair:2)
  Joseph (D:8)
  6 cane toads
  A jumping spider (Gauntlet)
  A polar bear (Lair:4)
  A raiju (Gauntlet)
  3 blink frogs (Lair:3)
  Sigmund (D:2)
  5 yaks
  Eustachio (D:5)
  A basilisk (Lair:2)
  A steam dragon (Gauntlet)
  3 wargs (D:11)
  2 nagas (Lair:4)
  5 water moccasins
  4 orc warriors
  An eye of draining (D:11)
  An ice beast (D:11)
  6 sky beasts
  2 black bears
  6 ogres
  3 phantoms
  6 centaurs
  8 wolves
  3 big kobolds (Sewer)
  10 bullfrogs
  Blork the orc (D:5)
  Dowan (D:5)
  A wyvern skeleton (D:7)
  5 scorpions
  5 wights (D:8)
  9 killer bees
  A nameless horror (D:6)
  3 howler monkeys (D:10)
  A jelly (D:11)
  A gnoll shaman (D:4)
  4 orc priests
  2 hounds
  9 orc wizards
  An iguana (D:10)
  27 worker ants
  A worker ant zombie (D:10)
  13 gnolls
  7 adders
  A howler monkey skeleton (D:5)
  3 white imps
  5 ufetubi
  2 oozes (Sewer)
  An adder skeleton (D:6)
  5 worms
  2 dart slugs
  7 leopard geckos
  47 orcs
  4 giant cockroaches
  4 goblins
  13 hobgoblins
  9 jackals
  14 kobolds
  4 quokkas
  5 ball pythons
  A ball python skeleton (D:4)
  5 bats
  4 frilled lizards (D:1)
  A jackal zombie (D:7)
  12 rats
332 creatures vanquished.

Vanquished Creatures (collateral kills)
  Snorg (D:10)
  A boulder beetle (D:9)
  2 hydras (Lair:3)
  Nergalle (D:11)
  A manticore (D:11)
  A black mamba (Lair:1)
  2 cane toads (Lair:2)
  3 komodo dragons
  A rime drake (Lair:2)
  2 blink frogs (Lair:3)
  A spectral black mamba (Gauntlet)
  A wraith (D:11)
  10 yaks
  A steam dragon (Gauntlet)
  A warg (D:11)
  A naga (Lair:4)
  3 water moccasins
  Duvessa (D:5)
  3 ice beasts
  4 orc warriors
  2 phantoms (D:6)
  2 centaurs
  4 wolves (Lair:3)
  A bullfrog (D:8)
  A water moccasin skeleton (D:10)
  A howler monkey (D:10)
  A bullfrog zombie (D:9)
  A centaur skeleton (D:4)
  3 orc wizards
  An iguana (D:10)
  A worker ant (D:10)
  A hound skeleton (D:6)
  An ooze (Sewer)
  2 worms (D:6)
  5 orcs
  10 kobolds (Bailey)
  A rat (D:6)
79 creatures vanquished.

Vanquished Creatures (others)
  14 fungi
  27 plants
  2 withered plants (Lair:2)
43 creatures vanquished.

Grand Total: 454 creatures vanquished

Notes
Turn   | Place    | Note
-------+----------+-------------------------------------------
     0 | D:1      | lunkers the Deep Elf Ice Elementalist began the quest for
                  | the Orb.
     0 | D:1      | Reached XP level 1. HP: 10/10 MP: 6/6
   419 | D:1      | Reached XP level 2. HP: 15/15 MP: 5/8
   790 | D:1      | Reached skill level 5 in Ice Magic
  1277 | D:1      | Reached XP level 3. HP: 18/19 MP: 6/10
  1601 | D:2      | Noticed Sigmund
  1660 | D:1      | Learned a level 3 spell: Frozen Ramparts
  1664 | D:1      | Learned a level 3 spell: Ozocubu's Armour
  1809 | D:2      | Killed Sigmund
  1810 | D:2      | Reached skill level 5 in Spellcasting
  1810 | D:2      | Reached skill level 6 in Ice Magic
  1810 | D:2      | Reached XP level 4. HP: 3/24 MP: 4/13
  1810 | D:2      | Reached XP level 5. HP: 3/28 MP: 4/14
  3290 | D:3      | Reached skill level 7 in Ice Magic
  3397 | D:3      | Found a shadowy altar of Dithmenos.
  3641 | D:4      | Noticed a phantom
  3731 | D:4      | Reached XP level 6. HP: 32/32 MP: 12/16
  4436 | D:4      | Reached skill level 8 in Ice Magic
  4436 | D:4      | Reached XP level 7. HP: 29/36 MP: 14/18
  4785 | D:5      | Entered Level 5 of the Dungeon
  4823 | D:5      | Learned a level 4 spell: Summon Ice Beast
  5304 | D:4      | Found a sparkling altar of Nemelex Xobeh.
  5487 | D:5      | Reached skill level 1 in Summonings
  6071 | D:5      | Found a white marble altar of Elyvilon.
  6112 | D:5      | Reached skill level 9 in Ice Magic
  6236 | D:5      | Found a transporter.
  6242 | D:5      | Noticed Blork the orc
  6253 | D:5      | Killed Blork the orc
  6254 | D:5      | Reached XP level 8. HP: 18/41 MP: 12/21
  6450 | D:5      | Found a burning altar of Makhleb.
  6494 | D:5      | Found a transporter.
  6500 | D:5      | Noticed Anlio's ghost (amateur PaFi)
  6549 | D:5      | Noticed Duvessa
  6549 | D:5      | Noticed Dowan
  6558 | D:5      | Killed Duvessa
  6561 | D:5      | Killed Dowan
  6823 | D:5      | Found a broken altar of Ashenzari.
  6853 | D:5      | Noticed Eustachio
  6865 | D:5      | Killed Eustachio
  7042 | D:6      | Found a glowing drain.
  7063 | Sewer    | Entered a sewer
  7095 | Sewer    | Reached skill level 10 in Ice Magic
  7567 | D:6      | Found Odoumpejir's Jewellery Emporium.
  7659 | D:6      | Found a staircase to the Ecumenical Temple.
  7671 | Temple   | Entered the Ecumenical Temple
  8105 | D:6      | Reached skill level 1 in Fighting
  8105 | D:6      | Reached skill level 1 in Shields
  8325 | D:6      | Reached XP level 9. HP: 42/47 MP: 20/23
  8800 | D:6      | Found a radiant altar of Vehumet.
  8862 | D:6      | Reached skill level 11 in Ice Magic
  9030 | D:7      | Found a flagged portal.
  9113 | Bailey   | Entered a bailey
  9391 | Bailey   | Noticed an orc knight
  9405 | Bailey   | Killed an orc knight
  9410 | Bailey   | Found an iron altar of Okawaru.
  9419 | Bailey   | Got a shimmering cloak
  9432 | Bailey   | Identified the +3 cloak of Lust {rCorr} (You found it in a
                  | bailey)
  9652 | D:7      | Found Hiag's Distillery.
  9830 | D:7      | Bought a potion of curing for 48 gold pieces
  9830 | D:7      | Bought a potion of heal wounds for 80 gold pieces
  9830 | D:7      | Bought a potion of haste for 160 gold pieces
  9892 | D:7      | Reached skill level 10 in Spellcasting
 10287 | D:6      | Became a worshipper of Vehumet
 10315 | D:7      | Found Remis's Jewellery Emporium.
 10365 | D:7      | Reached skill level 12 in Ice Magic
 10365 | D:7      | Reached XP level 10. HP: 56/56 MP: 22/26
 10640 | D:8      | Noticed Joseph
 10649 | D:8      | Killed Joseph
 10660 | D:8      | Got a warped trident
 10661 | D:8      | Identified the +9 trident of Extremism {freeze, rElec Int+3
                  | Dex-2 SInv} (You found it on level 8 of the Dungeon)
 10696 | D:8      | Noticed Harold
 10705 | D:8      | Killed Harold
 11405 | D:8      | Found Edujigox's Antique Armour Shop.
 11415 | D:8      | Reached * piety under Vehumet
 11415 | D:8      | Offered knowledge of Shock by Vehumet.
 11425 | D:8      | Bought a shimmering leather armour for 231 gold pieces
 11425 | D:8      | Bought a runed helmet for 247 gold pieces
 11440 | D:8      | Identified the +5 leather armour of Circular Logic {WL+
                  | Int+4} (You bought it in a shop on level 8 of the Dungeon)
 12086 | D:9      | Learned a level 4 spell: Hailstorm
 12276 | D:9      | Noticed a boulder beetle
 12328 | D:9      | Killed a boulder beetle
 12329 | D:9      | Reached skill level 13 in Ice Magic
 13016 | D:10     | Entered Level 10 of the Dungeon
 13016 | D:10     | Noticed Snorg
 13024 | D:10     | Killed Snorg
 13028 | D:10     | Reached ** piety under Vehumet
 13097 | D:10     | Offered knowledge of Foxfire by Vehumet.
 13343 | D:10     | Reached XP level 11. HP: 44/62 MP: 28/28
 13483 | D:10     | Noticed a queen ant
 13495 | D:10     | Killed a queen ant
 13496 | D:10     | Reached skill level 5 in Fighting
 13876 | D:10     | Offered knowledge of Mephitic Cloud by Vehumet.
 14655 | D:11     | Found a staircase to the Orcish Mines.
 14655 | D:11     | Noticed Maurice
 14656 | D:11     | Noticed Nergalle
 14658 | D:11     | Identified the +8 mace of Gavvasch {flame, *Noise Str+5
                  | Int+3}
 14659 | D:11     | Reached *** piety under Vehumet
 14671 | D:11     | Killed Nergalle
 14672 | D:11     | Reached skill level 14 in Ice Magic
 14828 | D:11     | Killed Maurice
 14892 | D:11     | Found Loisam's Weapon Shoppe.
 14913 | D:11     | Noticed Psyche
 14916 | D:11     | Noticed Psyche
 14916 | D:11     | Psyche changed into Psyche the eye of draining
 14921 | D:11     | Killed Psyche the eye of draining
 14986 | D:11     | Noticed Erica
 15266 | D:11     | Found a staircase to the Lair.
 15390 | D:11     | Offered knowledge of Olgreb's Toxic Radiance by Vehumet.
 15594 | D:11     | Killed Erica
 15948 | Lair:1   | Entered Level 1 of the Lair of Beasts
 16290 | Lair:1   | Got an ichor-stained leather armour
 16643 | Lair:1   | Identified the cursed +0 leather armour of the Farmer
                  | {+Inv} (You found it on level 1 of the Lair of Beasts)
 16876 | Lair:2   | Reached skill level 15 in Ice Magic
 16884 | Lair:2   | Reached XP level 12. HP: 52/71 MP: 30/30
 17415 | Lair:2   | Reached **** piety under Vehumet
 17888 | Lair:2   | Found a runed translucent door.
 17889 | Lair:2   | Noticed marklar909's ghost (journeyman TrEE)
 18253 | Lair:3   | Found a staircase to the Swamp.
 18508 | Lair:3   | Noticed a five-headed hydra
 18515 | Lair:3   | Killed a five-headed hydra
 18762 | Lair:3   | Noticed an eight-headed hydra
 18762 | Lair:3   | Noticed a seven-headed hydra
 18772 | Lair:3   | Killed a seven-headed hydra
 18772 | Lair:3   | Offered knowledge of Irradiate by Vehumet.
 18777 | Lair:3   | Killed an eight-headed hydra
 19270 | Lair:4   | Found a broken altar of Ashenzari.
 19352 | Lair:4   | Reached skill level 16 in Ice Magic
 19422 | Lair:4   | Found a gate leading to a gauntlet.
 19431 | Gauntlet | Entered a Gauntlet
 19431 | Gauntlet | Found a transporter.
 19431 | Gauntlet | Found a transporter.
 19597 | Gauntlet | Found a transporter.
 19597 | Gauntlet | Found a transporter.
 19606 | Gauntlet | Found a transporter.
 19609 | Gauntlet | Found a large runed translucent door.
 19610 | Gauntlet | Found a large runed translucent door.
 19611 | Gauntlet | Found a large runed translucent door.
 19611 | Gauntlet | Found a large runed translucent door.
 19611 | Gauntlet | Found a large runed translucent door.
 19612 | Gauntlet | Found a runed translucent door.
 19623 | Gauntlet | Noticed a death scarab
 19624 | Gauntlet | Found a transporter.
 19630 | Gauntlet | Found a transporter.
 19630 | Gauntlet | Noticed an entropy weaver
 19636 | Gauntlet | Found a transporter.
 19637 | Gauntlet | Found a transporter.
 19710 | Gauntlet | Found a transporter.
 19712 | Gauntlet | Found a large runed translucent door.
 19713 | Gauntlet | Found a large runed translucent door.
 19714 | Gauntlet | Found a runed translucent door.
 19714 | Gauntlet | Found a large runed translucent door.
 19714 | Gauntlet | Found a large runed translucent door.
 19715 | Gauntlet | Found a large runed translucent door.
 19719 | Gauntlet | Found a large runed translucent door.
 19719 | Gauntlet | Found a large runed translucent door.
 19720 | Gauntlet | Found a large runed translucent door.
 19720 | Gauntlet | Found a large runed translucent door.
 19720 | Gauntlet | Found a large runed translucent door.
 19720 | Gauntlet | Found a large runed translucent door.
 19723 | Gauntlet | Found a runed translucent gate.
 19723 | Gauntlet | Found a runed translucent gate.
 19723 | Gauntlet | Found a runed translucent gate.
 19725 | Gauntlet | Found a transporter.
 19739 | Gauntlet | Found a transporter.
 19815 | Gauntlet | Found a transporter.
 19828 | Gauntlet | Found a transporter.
 19843 | Gauntlet | Found a transporter.
 19856 | Gauntlet | Found a transporter.
 20107 | Gauntlet | Killed a death scarab
 20238 | Gauntlet | HP: 1/72 [entropy weaver (7)]
 20238 | Gauntlet | Slain by an entropy weaver

Illustrated notes

Levels and vault maps discovered:
D:1:      giann_bridges, layout_basic
D:2:      layout_loops_ring, serial_aquarium, aquarium_bridge_long_separate
          [aquarium_subvault_wall, aquarium_subvault_bridge,
          aquarium_subvault_bridge, aquarium_subvault_balcony,
          aquarium_subvault_wall, aquarium_subvault_bridge], aquarium_window_1,
          aquarium_window_1, aquarium_view_2f, aquarium_balcony_3b,
          aquarium_pool_2, hangedman_decor_lopped, uniq_sigmund
D:3:      layout_loops_ring, nicolae_dithmenos_through_a_glass_darkly
D:4:      cheibrodos_quashed, layout_basic, general_overflow_altar
D:5:      layout_loops_ring, lemuel_doored_altar, old_standard_altar,
          elyvilon_altar_3, gammafunk_ghost_gnarly_gnolls, uniq_duvessa,
          uniq_blork_the_orc, uniq_eustachio
D:6:      layout_basic, nicolae_overflow_hidden_temple,
          minmay_temple_entry_arrows, serial_shops, nicolae_shop_waterfront,
          portal_sewer_entry_b
D:7:      layout_basic, enter_bailey_8, serial_shops, nicolae_shop_waterfront,
          shop
D:8:      layout_basic, serial_shops,
          nicolae_shop_temple_entry_statues_fountains, minmay_fountain_box,
          uniq_joseph, uniq_harold
D:9:      layout_loops_ring
D:10:     layout_long_grid, minmay_another_anthill, uniq_snorg
D:11:     layout_loops_ring, erik_lair_orcish_takeover, david_orc_3,
          serial_shops, shop, uniq_psyche, uniq_maurice, uniq_erica,
          uniq_nergalle
Temple:   eino_temple_scatter_basement
Lair:1:   layout_hall_layers
Lair:2:   layout_long_grid, gammafunk_ghost_grave
Lair:3:   layout_small_grid, swamp_mist
Lair:4:   layout_loops_ring, guppyfry_snake_entry_garden, basic_altar,
          gauntlet_entry_generic, st_stairs_12
Gauntlet: gammafunk_gauntlet_branching [gammafunk_gauntlet_arena_hedges,
          nicolae_gauntlet_swirl, minmay_gauntlet_arena_make_your_own_arena,
          gammafunk_gauntlet_arena_split_x, gammafunk_gauntlet_arena_spirals,
          nicolae_gauntlet_arena_t_cross, nicolae_gauntlet_arena_blocks,
          gammafunk_gauntlet_arena_corners,
          nicolae_gauntlet_exit_dead_adventurers]

Skill      XL: |  1  2  3  4  5  6  7  8  9 10 11 12 |
---------------+-------------------------------------+-----
Ice Magic      | 5 6 7 8 9 10 12 13 15 16 | 16.2
Spellcasting   | 5 6 7 8 10 11 12 13 | 13.7
Summonings     | 2 3 |  3.0
Fighting       | 1 3 4 6 7 |  7.5
Shields        | 1 3 4 |  4.0
Dodging        | |  2.4
Stealth        | |  2.4

Action                   |  1- 3 |  4- 6 |  7- 9 | 10-12 || total
-------------------------+-------+-------+-------+-------++-------
Melee: Whip              |       |     2 |    92 |    18 ||   112
       Trident           |       |       |       |   361 ||   361
 Cast: Freeze            |    54 |    48 |   128 |    39 ||   269
       Frozen Ramparts   |     1 |     7 |    25 |    47 ||    80
       Summon Ice Beast  |       |       |    38 |    96 ||   134
       Ozocubu's Armour  |       |       |       |     3 ||     3
Evoke: Wand              |       |       |       |     3 ||     3
  Use: Scroll            |       |       |     6 |    20 ||    26
       Potion            |       |       |     1 |     2 ||     3
 Stab: Distracted        |       |       |     1 |     2 ||     3
       Sleeping          |       |       |       |     7 ||     7
Armor: Robe              |     3 |     7 |    49 |    26 ||    85
       Leather armour    |       |       |       |   195 ||   195
Dodge: Dodged            |    18 |    29 |   186 |   241 ||   474
Block: Buckler           |       |       |    32 |   102 ||   134

Table legend: (Time is in decaauts)
 A = Elapsed time spent in this place.
 B = Non-inter-level travel time spent in this place.
 C = Inter-level travel time spent in this place.
 D = Time resting spent in this place.
 E = Time spent auto-exploring this place.
 F = Levels seen in this place.
 G = Mean time per level.
                   A        B        C        D        E       F      G
               +--------+--------+--------+--------+--------+-----+--------+
         Total |  20396 |  19903 |    493 |    858 |  15200 |  19 | 1073.5 |
       Dungeon |  15015 |  14609 |    406 |    653 |  11361 |  11 | 1365.0 |
        Temple |    199 |    181 |     18 |      0 |    181 |   1 |  199.0 |
          Lair |   3518 |   3449 |     69 |      0 |   2967 |   4 |  879.5 |
         Sewer |    404 |    404 |      0 |      0 |    273 |   1 |  404.0 |
        Bailey |    440 |    440 |      0 |     20 |    251 |   1 |  440.0 |
      Gauntlet |    818 |    818 |      0 |    185 |    166 |   1 |  818.0 |
               +--------+--------+--------+--------+--------+-----+--------+

Top non-repeatable levels by time:
    D:10: 1967 daAuts
     D:5: 1699 daAuts
     D:4: 1655 daAuts
     D:1: 1626 daAuts
     D:8: 1470 daAuts
     D:6: 1397 daAuts
  Lair:2: 1383 daAuts
     D:2: 1258 daAuts
  Lair:3: 1218 daAuts
     D:7: 1200 daAuts
    D:11: 1011 daAuts
     D:9: 930 daAuts
Gauntlet: 818 daAuts
     D:3: 796 daAuts
  Lair:1: 745 daAuts
